 Dungeon Crawl Stone Soup version 0.31-a0-618-g7ca08c1ff9 (webtiles) character file.

Game seed: 7498463761944977340

30 thirtiethelement the Chopper (level 3, -1/27 HPs)
             Began as a Demonspawn Gladiator on Aug 23, 2023.
             Slain by Sigmund
             ... wielding a +0 scythe
              (7 damage)
             ... on level 2 of the Dungeon.
             The game lasted 00:01:45 (1517 turns).

thirtiethelement the Chopper (Demonspawn Gladiator) Turns: 1517, Time: 00:01:46

Health: -1/27      AC:  6    Str: 22    XL:     3   Next: 3%
Magic:  3/3        EV: 12    Int:  9    God:
Gold:   58         SH:  0    Dex:  9    Spells: 2/2 levels left

rFire   . . .        a - +0 war axe
rCold   . . .        (no shield)
rNeg    . . .        b - +0 leather armour
rPois   .            c - +0 helmet
rElec   .            (no cloak)
rCorr   .            (no gloves)
SInv    .            j - +1 pair of boots "Oppet" {Drain Str+6 Dex-5}
Will    .....        (no amulet)
Stlth   +            (no ring)
HPRegen 0.24/turn    (no ring)
MPRegen 0.16/turn

%: no passive effects
@: no status effects
A: foul stench 1, magic regeneration
a: no special abilities


You were on level 2 of the Dungeon.
You visited 1 branch of the dungeon, and saw 2 of its levels.

You collected 58 gold pieces.

Inventory:

Hand Weapons
 a - a +0 war axe (weapon)
Missiles
 d - 3 throwing nets
 e - 3 javelins (quivered)
Armour
 b - a +0 leather armour (worn)
 c - a +0 helmet (worn)
 j - the +1 pair of boots "Oppet" (worn) {Drain Str+6 Dex-5}
   (You found it on level 2 of the Dungeon)

   Str+6:     It affects your strength (+6).
   Dex-5:     It affects your dexterity (-5).
   Drain:     It drains your maximum health when unequipped.
Scrolls
 g - 3 scrolls of poison {unknown}
 h - a scroll of amnesia {unknown}
Potions
 f - 2 potions of lignification {unknown}
 i - a potion of degeneration {unknown}


   Skills:
 + Level 2.2 Fighting
 + Level 3.3 Axes
 + Level 1.9 Throwing
 + Level 0.3 Armour
 + Level 2.9 Dodging
 + Level 0.1 Stealth


You had 2 spell levels left.
You didn't know any spells.
Your spell library contained the following spells:

 Spells                   Type           Power      Damage    Failure   Level
 Inner Flame              Hex/Fire       0%         N/A       80%         3
 Flame Wave               Conj/Fire      0%         2d4       99%         4
 Sticky Flame             Conj/Fire      0%         2d3       99%         4


Dungeon Overview and Level Annotations

Branches:
Dungeon (2/15)

Altars:

Annotations:
D:2 Sigmund


Innate Abilities, Weirdness & Mutations

You may rarely emit foul miasma when damaged in melee.
You regenerate magic rapidly.


Message History

j - the +1 pair of boots "Oppet" {Drain Str+6 Dex-5} You start putting on your armour.
You continue putting on the +1 pair of boots "Oppet" {Drain Str+6 Dex-5}. x4
You finish putting on the +1 pair of boots "Oppet" {Drain Str+6 Dex-5}.
You feel stronger.
You feel clumsy.
A frilled lizard comes into view.
The frilled lizard hisses angrily.
A frilled lizard is nearby!
Sigmund the Dreaded comes into view.
He is wielding a +0 scythe.
Sigmund shouts!
Sigmund moves out of view.
Sigmund casts a spell.
Sigmund flickers and vanishes!
Deactivating autopickup; reactivate with Ctrl-A.
The frilled lizard bites you.
You closely miss the frilled lizard.
The frilled lizard bites you but does no damage.
You miss the frilled lizard. The frilled lizard bites you.
You slash the frilled lizard!
You kill the frilled lizard!
A magic dart appears from out of thin air!
The magic dart hits you.
No target in view!
No target in view!
You hear some strange, mumbled words.
You are confused.
You bump into the rock wall.
Something hits you!
You're too confused to move!
Something hits you.
You feel less confused. Something hits you!
* * * LOW HITPOINT WARNING * * *
You are confused.
Something completely misses you. Something hits you but does no damage.
You feel less confused. Something hits you!
You die...

#. #...# #... ### ##
#... ##.## .# #. #..
#.#.## .# #.# #..
#..#.## .# #.#
#.#####...#.## .# #.#
##.....@....#.##.##.#
#.<.###..{...#.#.#.#
#...# #.......#.#.#
#...# #........#.#
#...#
#.........#.......
#...#
#.##......#.......
#...#
#.#.#.....#...8...
+...+
..##.....###8...8.
#...##.##.#.....#
......


There were no monsters in sight!

Vanquished Creatures
  3 ball pythons (D:1)
  An endoplasm (D:1)
  3 giant cockroaches (D:1)
  3 hobgoblins (D:1)
  3 quokkas (D:1)
  4 bats (D:1)
  3 frilled lizards
  4 kobolds (D:1)
  3 rats (D:1)
27 creatures vanquished.

Notes
Turn   | Place    | Note
-------+----------+-------------------------------------------
     0 | D:1      | thirtiethelement the Demonspawn Gladiator began the quest
                  | for the Orb.
     0 | D:1      | Reached XP level 1. HP: 16/16 MP: 1/1
   418 | D:1      | Reached skill level 3 in Axes
   418 | D:1      | Gained mutation: You regenerate magic rapidly. [demonic
                  | ancestry]
   418 | D:1      | Reached XP level 2. HP: 20/22 MP: 2/2
  1414 | D:1      | Gained mutation: You may rarely emit foul miasma when
                  | damaged in melee. [demonic ancestry]
  1414 | D:1      | Reached XP level 3. HP: 27/27 MP: 3/3
  1469 | D:2      | Identified the +1 pair of boots "Oppet" {Drain Str+6 Dex-5}
  1495 | D:2      | Noticed Sigmund
  1517 | D:2      | Slain by Sigmund

Illustrated notes

Levels and vault maps discovered:
D:1:      eino_arrival_cavern_d, layout_basic, minmay_pentomino_s4
D:2:      wad_pebble_path, layout_basic, uniq_sigmund

Skill      XL: |  1 |
---------------+----+-----
Axes           | 3 |  3.3
Fighting       | |  2.2
Throwing       | |  1.9
Armour         | |  0.3
Dodging        | |  2.9
Stealth        | |  0.1

Action                     || total
---------------------------++-------
  Melee: War axe           ||    63
         Punch             ||     1
  Throw: Javelin           ||     3
   Stab: Sleeping          ||     2
 Armour: Leather armour    ||    22
  Dodge: Dodged            ||    45

Table legend: (Time is in decaauts)
 A = Elapsed time spent in this place.
 B = Non-inter-level travel time spent in this place.
 C = Inter-level travel time spent in this place.
 D = Time resting spent in this place.
 E = Time spent auto-exploring this place.
 F = Levels seen in this place.
 G = Mean time per level.
                   A        B        C        D        E       F      G
               +--------+--------+--------+--------+--------+-----+--------+
         Total |   1540 |   1490 |     50 |      0 |   1289 |   2 |  770.0 |
       Dungeon |   1540 |   1490 |     50 |      0 |   1289 |   2 |  770.0 |
               +--------+--------+--------+--------+--------+-----+--------+

Top non-repeatable levels by time:
     D:1: 1488 daAuts
     D:2: 51 daAuts
